 Dungeon Crawl Stone Soup version 0.29.1-12-g30fa7ad0bf (webtiles) character file.

Game seed: 12269935204873747292

35 wormed the Covered (level 3, -1/31 HPs)
             Began as a Gnoll Wanderer on Dec 24, 2022.
             Was a Believer of Lugonu.
             Slain by an ogre
             ... wielding a +0 giant club
              (21 damage)
             ... on level 2 of the Dungeon.
             The game lasted 00:03:28 (1269 turns).

wormed the Covered (Gnoll Wanderer)                 Turns: 1269, Time: 00:03:29

Health: -1/31      AC:  6    Str: 14    XL:     3   Next: 35%
Magic:  4/4        EV: 11    Int: 11    God:    Lugonu [**....]
Gold:   11         SH:  0    Dex: 10    Spells: 3/3 levels left

rFire   . . .      SeeInvis .   a - +2 sling
rCold   . . .      Faith    .   (no shield)
rNeg    . . .      Spirit   .   c - +0 ring mail
rPois   .          Reflect  .   (no helmet)
rElec   .          Harm     .   (no cloak)
rCorr   .          Rampage  .   (no gloves)
Will    .....                   (no boots)
Stlth   +.........              (no amulet)
HPRegen 0.10/turn               (no ring)
MPRegen 0.09/turn               (no ring)

@: no status effects
A: fangs 1, strong nose, distributed training
a: Renounce Religion, Depart the Abyss, Bend Space


You were on level 2 of the Dungeon.
You worshipped Lugonu.
Lugonu was pleased with you.
You visited 1 branch of the dungeon, and saw 2 of its levels.

You collected 11 gold pieces.

Inventory:

Hand Weapons
 a - a +2 sling (weapon)
 b - a +0 hand axe
Missiles
 h - a throwing net
 i - 2 silver javelins
 j - 7 poisoned darts
Armour
 c - a +0 ring mail (worn)
Scrolls
 f - 3 scrolls of teleportation {unknown}
 g - a scroll of vulnerability {unknown}
Potions
 d - a potion of curing
 e - 2 potions of mutation {unknown}
 k - a potion of resistance {unknown}
 l - a potion of flight {unknown}
 m - a potion of heal wounds {unknown}


   Skills:
 + Level 4.5 Fighting
 + Level 0.8 Short Blades
 + Level 0.8 Long Blades
 + Level 2.6 Axes
 + Level 0.8 Maces & Flails
 + Level 0.8 Polearms
 + Level 0.8 Staves
 + Level 4.5 Ranged Weapons
 + Level 0.8 Throwing
 + Level 4.5 Armour
 + Level 2.6 Dodging
 + Level 2.4 Stealth
 + Level 0.8 Shields
 + Level 0.8 Unarmed Combat
 + Level 0.8 Spellcasting
 + Level 0.5 Conjurations
 + Level 0.5 Hexes
 + Level 0.5 Summonings
 + Level 0.5 Necromancy
 + Level 0.5 Translocations
 + Level 0.5 Transmutations
 + Level 0.5 Fire Magic
 + Level 0.5 Ice Magic
 + Level 0.5 Air Magic
 + Level 0.5 Earth Magic
 + Level 0.5 Poison Magic
 + Level 1.0 Invocations
 + Level 2.6 Evocations


You had 3 spell levels left.
You didn't know any spells.
Your spell library contained the following spells:

 Spells                   Type           Power      Damage    Failure   Level
 Magic Dart               Conj           4%         1d3       45%         1
 Call Imp                 Summ           1%         N/A       58%         2
 Mephitic Cloud           Conj/Pois/Air  1%         N/A       83%         3


Dungeon Overview and Level Annotations

Branches:
Dungeon (2/15)

Altars:
Lugonu


Innate Abilities, Weirdness & Mutations

You have very sharp teeth.
Your uncanny sense of smell can sniff out nearby items.
Your experience applies equally to all skills.


Message History

No target in view!
No target in view!
No target in view!
No target in view!
No target in view!
No target in view!
No target in view!
No target in view!
No target in view!
m - a metallic yellow potion An ogre comes into view.
It is wielding a +0 giant club.
An ogre is nearby!
An ogre is nearby!
An ogre is nearby!
You shoot a sling bullet. The sling bullet hits the ogre.
The ogre shouts!
The ogre is lightly wounded.
No target in view!
No target in view!
No target in view!
No target in view!
No target in view!
No target in view!
No target in view!
No target in view!
No target in view!
No target in view!
No target in view!
An ogre is nearby!
An ogre is nearby!
You shoot a sling bullet. The sling bullet hits the ogre.
The ogre is moderately wounded.
You shoot a sling bullet.
The sling bullet closely misses the ogre.
The ogre attacks as you move away! The ogre hits you with a +0 giant club!
The ogre attacks as you move away! The ogre hits you but does no damage.
The ogre attacks as you move away!
The ogre hits you with a +0 giant club!!
Ouch! That really hurt!
You die...

#..#.....##..###########..#
#..#.....##..### #..#
#..#...........# #..# ..
#..#.#.####.##.# #..# .. #..#.#.#
#.##.###### #... .. ∆ #..#...#
#.##.##...# #..#
..##+##..#...####'##.##...####..#
...#.##...............'.........#
...)...........O@....##...#####.#
.>...#####.#.##......##...# #.#
.....................##...#####+#
....(........####.#.########.....
................).#.# #.....
..................#.# #.....
.....#.#....####..#.########.....
............# #.................
............####..#..............


You could see an ogre.

Vanquished Creatures
  A worm (D:2)
  A dart slug (D:1)
  5 ball pythons
  3 bats
  6 goblins
  4 hobgoblins
  3 frilled lizards
  2 kobolds (D:1)
  2 rats (D:2)
27 creatures vanquished.

Notes
Turn   | Place    | Note
-------+----------+-------------------------------------------
     0 | D:1      | wormed the Gnoll Wanderer began the quest for the Orb.
     0 | D:1      | wormed set off with the following items: a +2 sling, a +0
                  | hand axe, a +0 ring mail, a potion of curing.
     0 | D:1      | Reached XP level 1. HP: 20/20 MP: 1/1
   230 | D:1      | Reached XP level 2. HP: 26/26 MP: 2/2
   540 | D:1      | Found a faded altar of an unknown god.
   547 | D:1      | Prayed at the altar of an unknown god.
   547 | D:1      | Became a worshipper of Lugonu the Unformed
   547 | D:1      | Reached * piety under Lugonu
   547 | D:1      | Reached ** piety under Lugonu
   845 | D:2      | Reached XP level 3. HP: 31/31 MP: 3/3
  1241 | D:2      | Reached skill level 1 in Invocations
  1249 | D:2      | Noticed an ogre
  1269 | D:2      | Slain by an ogre

Illustrated notes

Levels and vault maps discovered:
D:1:      tarquinn_simple_flora_water_e, layout_loops_cross,
          chequers_ecumenical_altar_simple_redux
D:2:      layout_basic

Skill      XL: |  1  2  3 |
---------------+----------+-----
Invocations    | 1 |  1.0
Fighting       | |  4.5
Short Blades   | |  0.8
Long Blades    | |  0.8
Axes           | |  2.6
Maces & Flails | |  0.8
Polearms       | |  0.8
Staves         | |  0.8
Ranged Weapons | |  4.5
Throwing       | |  0.8
Armour         | |  4.5
Dodging        | |  2.6
Stealth        | |  2.4
Shields        | |  0.8
Unarmed Combat | |  0.8
Spellcasting   | |  0.8
Conjurations   | |  0.5
Hexes          | |  0.5
Summonings     | |  0.5
Necromancy     | |  0.5
Translocations | |  0.5
Transmutations | |  0.5
Fire Magic     | |  0.5
Ice Magic      | |  0.5
Air Magic      | |  0.5
Earth Magic    | |  0.5
Poison Magic   | |  0.5
Evocations     | |  2.6

Action                   || total
-------------------------++-------
Melee: Hand axe          ||     7
 Fire: Sling             ||    71
Armor: Ring mail         ||     9
Dodge: Dodged            ||    13
